Canucks vs BlackHawks

Created - 31 octobre 2020 at 21:14

Goals
1 2 3 T
Canucks 1 0 1 2
BlackHawks 0 0 3 3
Shots
1 2 3 T
Canucks 8 12 9 29
BlackHawks 6 10 19 35

1st period

1. Canucks , Boone Jenner 1 (Zach Sanford 1) at 7:03

Penalties :
No Penalty

2nd period

No Goal

Penalties :
Scott Laughton (CHI) for High sticking (Minor) at 2:44, Keith Yandle (VAN) for Diving (Minor) at 5:41, Erik Johnson (CHI) for Hooking (Minor) at 10:37

3rd period

2. Canucks , Brayden Point 1 (Mitch Marner 1, Aaron Ekblad 1) at 6:30
3. BlackHawks , Anze Kopitar 2 (Jaden Schwartz 2) at 8:07
4. BlackHawks , Jared McCann 2 (Lawson Crouse 1, John Marino 1) at 10:18
5. BlackHawks , Kyle Palmieri 3 (Anze Kopitar 4) at 15:39

Penalties :
Aaron Ekblad (VAN) for Tripping (Minor) at 1:38, Alex Pietrangelo (VAN) for Diving (Minor) at 17:04

Goalie Stats

Carey Price (VAN), 32 saves from 35 shots - (0,914), L, 1-1-0, 59:21 minutes
Jacob Markstrom (CHI), 27 saves from 29 shots - (0,931), W, 2-0-0, 60:00 minutes

Players Stats for Canucks

Player Name              G  A  P  +/- PIM S  H  SB GA TA FO     MP     PP MP  PK MP  
------------------------------------------------------------------------------------
Aaron Ekblad             0  1  1  -1  2   2  0  0  0  0  0/0    20:08   0:00   2:13 
Alex Pietrangelo         0  0  0   0  2   4  2  5  0  0  0/0    24:25   1:53   2:38 
Anthony Duclair          0  0  0   0  0   3  1  0  0  0  0/0    18:21   1:53   1:39 
Blake Coleman            0  0  0  -1  0   3  3  0  0  0  1/2    11:01   0:00   0:00 
Boone Jenner             1  0  1   1  0   1  2  0  0  0  13/21  11:45   0:00   4:18 
Brayden Point            1  0  1  -1  0   3  1  0  0  0  6/24   18:53   2:05   0:00 
Brock Boeser             0  0  0  -1  0   0  1  0  0  0  0/0    17:57   2:05   0:00 
Chris Tierney            0  0  0   1  0   0  0  0  0  0  1/1    11:41   0:00   4:14 
Ian Cole                 0  0  0   0  0   0  0  2  0  0  0/0    14:27   0:00   2:13 
Keith Yandle             0  0  0  -1  2   1  1  0  0  0  0/0    20:09   0:00   1:56 
Kevin Hayes              0  0  0  -1  0   3  1  0  0  0  5/14   14:45   2:05   1:39 
Kirby Dach               0  0  0  -1  0   0  0  0  0  0  0/0    12:54   1:53   0:00 
Mitch Marner             0  1  1  -1  0   1  0  0  0  0  0/2    18:53   2:05   0:00 
Morgan Rielly            0  0  0   0  0   3  2  0  0  0  0/0    24:36   2:05   2:54 
Ron Hainsey              0  0  0   0  0   1  2  1  0  0  0/0    12:14   0:00   0:00 
Ryan O'Reilly            0  0  0   0  0   0  0  0  0  0  11/21  16:46   1:53   0:04 
Tanner Pearson           0  0  0   0  0   3  0  0  0  0  1/2    17:38   1:53   0:00 
Zach Sanford             0  1  1   1  0   1  1  0  0  0  0/0     7:27   0:00   0:00 

Players Stats for BlackHawks

Player Name              G  A  P  +/- PIM S  H  SB GA TA FO     MP     PP MP  PK MP  
------------------------------------------------------------------------------------
Adam Larsson             0  0  0  -1  0   0  1  0  0  0  0/0    20:39   2:26   2:41 
Anze Kopitar             1  1  2   2  0   6  0  1  0  0  18/29  20:43   2:33   0:00 
Brandon Carlo            0  0  0   1  0   1  3  2  0  0  0/0    18:28   0:00   2:42 
Curtis Lazar             0  0  0  -1  0   0  2  0  0  0  4/8     7:28   0:00   0:00 
Denis Malgin             0  0  0  -1  0   1  0  0  0  0  0/1     7:28   0:00   0:00 
Erik Johnson             0  0  0   1  2   0  3  2  0  0  0/0    24:13   3:31   1:00 
Ivan Barbashev           0  0  0  -1  0   1  0  0  0  0  0/1     9:23   0:00   0:59 
Jaden Schwartz           0  1  1   2  0   2  0  0  0  0  1/2    19:54   2:33   0:00 
Jake Virtanen            0  0  0   1  0   1  0  0  0  0  2/3    11:20   0:00   0:59 
Jared McCann             1  0  1   1  0   2  0  0  0  0  4/7    10:28   0:00   0:00 
John Marino              0  1  1   1  0   1  0  2  0  0  0/0    17:33   2:26   0:17 
Justin Faulk             0  0  0  -1  0   0  0  1  0  0  0/0    16:34   0:00   1:16 
Kyle Palmieri            1  0  1   2  0   6  4  0  0  0  0/0    19:54   2:33   0:00 
Lawson Crouse            0  1  1   1  0   2  1  0  0  0  0/0    13:59   0:00   2:42 
Phil Kessel              0  0  0  -1  0   2  0  0  0  0  0/0    17:23   3:24   0:00 
Phillip Danault          0  0  0  -1  0   5  2  1  0  0  18/33  20:22   3:24   2:59 
Ryan Ellis               0  0  0   1  0   2  1  4  0  0  0/0    22:32   3:31   0:00 
Scott Laughton           0  0  0  -1  2   3  3  0  0  0  2/3    17:39   3:24   0:17 

3 Stars

1 - Anze Kopitar (CHI)
2 - Kyle Palmieri (CHI)
3 - Boone Jenner (VAN)

Power Play

Canucks - 0 on 2 Attempt(s) - 0,00%
BlackHawks - 0 on 3 Attempt(s) - 0,00%

Penalty Kill

Canucks - 3 on 3 Attempt(s) - 100,00% - Score 0 goal in Penalty Kill
BlackHawks - 2 on 2 Attempt(s) - 100,00% - Score 0 goal in Penalty Kill

Team Stat

Canucks - Hits : 17 - Faceoff Wins : 38 - Blocked Shots : 8 - Penalty Minutes : 6
BlackHawks - Hits : 20 - Faceoff Wins : 49 - Blocked Shots : 13 - Penalty Minutes : 4

Official

Referees : Tim Mayer and Ghislain Hebert
Linesman : James Tobias and Travis Toomey

Game Notes

No Game Note

Finance

Level 1 -- Attendance: 2472 (38,03%) -- Ticket Income 618 000 $
Level 2 -- Attendance: 1897 (37,94%) -- Ticket Income 379 400 $
Level 3 -- Attendance: 1081 (30,89%) -- Ticket Income 189 175 $
Level 4 -- Attendance: 792 (21,31%) -- Ticket Income 118 800 $
Luxury Box -- Attendance: 481 (48,10%) -- Ticket Income 192 400 $
Game was played at the United Center.
Total Attendance: 6723 (34,10%)
Total Ticket Income: 1 497 775 $
Other Income: 733 910 $
Total Income: 2 231 685 $

% Time on Ice - Canucks

Lines # - Real PCT - Wanted PCT - Time Play
Normal Forward
1 - 32% - 34% - 15:52
2 - 30% - 33% - 14:49
3 - 22% - 25% - 11:01
4 - 15% - 8% - 7:27
Normal Defense
1 - 39% - 42% - 18:59
2 - 36% - 42% - 17:56
3 - 25% - 16% - 12:14
4 - 0% - 0% - 0:00
PP Forward
1 - 53% - 60% - 2:05
2 - 47% - 40% - 1:53
PP Defense
1 - 53% - 60% - 2:05
2 - 47% - 40% - 1:53
PK Forward
1 - 72% - 60% - 4:18
2 - 28% - 40% - 1:39
PK Defense
1 - 51% - 60% - 3:03
2 - 49% - 40% - 2:54
PK3 Forward
1 - 0% - 70%
2 - 0% - 30%
PK3 Defense
1 - 0% - 50%
2 - 0% - 50%
44 Forward
1 - 0% - 50%
2 - 0% - 50%
44 Defense
1 - 0% - 60%
2 - 0% - 40%
Last Minute Offensive  - 0:56
Last Minute Defensive  - 0:00
Total
Forward - 60:00
Defense - 60:00

% Time on Ice - BlackHawks

Lines # - Real PCT - Wanted PCT - Time Play
Normal Forward
1 - 35% - 40% - 17:21
2 - 28% - 30% - 13:59
3 - 21% - 20% - 10:21
4 - 15% - 10% - 7:28
Normal Defense
1 - 37% - 40% - 17:57
2 - 31% - 30% - 15:18
3 - 30% - 20% - 14:50
4 - 2% - 10% - 1:04
PP Forward
1 - 43% - 60% - 2:33
2 - 57% - 40% - 3:24
PP Defense
1 - 59% - 60% - 3:31
2 - 41% - 40% - 2:26
PK Forward
1 - 75% - 60% - 2:59
2 - 25% - 40% - 0:59
PK Defense
1 - 75% - 60% - 2:59
2 - 25% - 40% - 0:59
PK3 Forward
1 - 0% - 60%
2 - 0% - 40%
PK3 Defense
1 - 0% - 60%
2 - 0% - 40%
44 Forward
1 - 0% - 60%
2 - 0% - 40%
44 Defense
1 - 0% - 60%
2 - 0% - 40%
Last Minute Offensive  - 0:00
Last Minute Defensive  - 0:56
Total
Forward - 60:00
Defense - 60:00

Play-by-Play

1st period


0:01 of 1st period - Brayden Point wins face-off versus Anze Kopitar in neutral zone.
0:16 of 1st period - Shot by Anze Kopitar.
0:16 of 1st period - Shot Blocked by Alex Pietrangelo.
0:24 of 1st period - Shot by Mitch Marner.
0:24 of 1st period - Shot Misses the Net.
0:26 of 1st period - Shot by Brock Boeser.
0:26 of 1st period - Shot Misses the Net.
0:28 of 1st period - Shot by Brayden Point.
0:28 of 1st period - Shot Misses the Net.
1:00 of 1st period - Shot by Anthony Duclair.
1:00 of 1st period - Shot Misses the Net.
1:02 of 1st period - Shot by Anthony Duclair.
1:02 of 1st period - Shot Blocked by Ryan Ellis.
1:04 of 1st period - Shot by Aaron Ekblad.
1:04 of 1st period - Stopped by Jacob Markstrom without a rebound.
1:05 of 1st period - Phillip Danault wins face-off versus Kevin Hayes in BlackHawks zone.
1:09 of 1st period - Justin Faulk is hit by Blake Coleman.
1:21 of 1st period - Shot by Kevin Hayes.
1:21 of 1st period - Shot Misses the Net.
1:23 of 1st period - Shot by Blake Coleman.
1:23 of 1st period - Shot Blocked by Phillip Danault.
1:25 of 1st period - Shot by Blake Coleman.
1:25 of 1st period - Stopped by Jacob Markstrom without a rebound.
1:26 of 1st period - Jared McCann wins face-off versus Ryan O'Reilly in BlackHawks zone.
1:56 of 1st period - Icing by Keith Yandle.
1:57 of 1st period - Ryan O'Reilly wins face-off versus Phillip Danault in Canucks zone.
2:17 of 1st period - Icing by Justin Faulk.
2:18 of 1st period - Phillip Danault wins face-off versus Kevin Hayes in BlackHawks zone.
2:20 of 1st period - Icing by Phil Kessel.
2:21 of 1st period - Phillip Danault wins face-off versus Boone Jenner in BlackHawks zone.
2:32 of 1st period - Shot by Phillip Danault.
2:32 of 1st period - Stopped by Carey Price with a rebound.
3:15 of 1st period - Curtis Lazar is hit by Ron Hainsey and loses puck.
3:34 of 1st period - Ron Hainsey is hit by Erik Johnson.
3:46 of 1st period - Shot by Blake Coleman.
3:46 of 1st period - Shot Blocked by Ryan Ellis.
3:48 of 1st period - Shot by Kevin Hayes.
3:48 of 1st period - Shot Misses the Net.
4:32 of 1st period - Aaron Ekblad is hit by Brandon Carlo and loses puck.
5:27 of 1st period - Shot by Jared McCann.
5:27 of 1st period - Shot Misses the Net.
6:42 of 1st period - Shot by Blake Coleman.
6:42 of 1st period - Shot Misses the Net.
6:44 of 1st period - Shot by Blake Coleman.
6:44 of 1st period - Shot Blocked by Brandon Carlo.
6:46 of 1st period - Shot by Ron Hainsey.
6:46 of 1st period - Stopped by Jacob Markstrom with a rebound.
6:50 of 1st period - Shot by Blake Coleman.
6:50 of 1st period - Stopped by Jacob Markstrom without a rebound.
6:51 of 1st period - Boone Jenner wins face-off versus Curtis Lazar in BlackHawks zone.
6:51 of 1st period - Boone Jenner is hit by Adam Larsson.
7:03 of 1st period - Shot by Boone Jenner.
7:03 of 1st period - Goal by Boone Jenner - Canucks : 1 - BlackHawks : 0.
7:04 of 1st period - Jake Virtanen wins face-off versus Kevin Hayes in neutral zone.
7:55 of 1st period - Shot by Kyle Palmieri.
7:55 of 1st period - Stopped by Carey Price without a rebound.
7:56 of 1st period - Phillip Danault wins face-off versus Brayden Point in Canucks zone.
8:04 of 1st period - Brock Boeser is hit by Erik Johnson and loses puck.
9:00 of 1st period - John Marino is hit by Anthony Duclair and loses puck.
9:29 of 1st period - Jaden Schwartz is hit by Morgan Rielly and loses puck.
9:56 of 1st period - Icing by Zach Sanford.
9:57 of 1st period - Boone Jenner wins face-off versus Jared McCann in Canucks zone.
10:02 of 1st period - Shot by Zach Sanford.
10:02 of 1st period - Shot Misses the Net.
10:13 of 1st period - Jake Virtanen is hit by Ron Hainsey and loses puck.
10:32 of 1st period - Shot by Lawson Crouse.
10:32 of 1st period - Stopped by Carey Price without a rebound.
10:33 of 1st period - Brayden Point wins face-off versus Phillip Danault in Canucks zone.
10:33 of 1st period - Brayden Point is hit by Scott Laughton.
10:36 of 1st period - Icing by Mitch Marner.
10:37 of 1st period - Phillip Danault wins face-off versus Brayden Point in Canucks zone.
10:44 of 1st period - Shot by Phil Kessel.
10:44 of 1st period - Stopped by Carey Price without a rebound.
10:45 of 1st period - Phillip Danault wins face-off versus Brayden Point in Canucks zone.
11:13 of 1st period - Off-side.
11:14 of 1st period - Anze Kopitar wins face-off versus Ryan O'Reilly in neutral zone.
11:19 of 1st period - Shot by Kyle Palmieri.
11:19 of 1st period - Deflect By Anze Kopitar.
11:19 of 1st period - Stopped by Carey Price without a rebound.
11:20 of 1st period - Kevin Hayes wins face-off versus Anze Kopitar in Canucks zone.
11:47 of 1st period - Shot by Blake Coleman.
11:47 of 1st period - Stopped by Jacob Markstrom without a rebound.
11:48 of 1st period - Ryan O'Reilly wins face-off versus Denis Malgin in BlackHawks zone.
11:52 of 1st period - Icing by Erik Johnson.
11:53 of 1st period - Curtis Lazar wins face-off versus Ryan O'Reilly in BlackHawks zone.
12:16 of 1st period - Shot by Ryan O'Reilly.
12:16 of 1st period - Shot Blocked by Erik Johnson.
12:22 of 1st period - Shot by Anthony Duclair.
12:22 of 1st period - Shot Blocked by Ryan Ellis.
12:24 of 1st period - Shot by Ryan O'Reilly.
12:24 of 1st period - Shot Misses the Net.
12:26 of 1st period - Shot by Anthony Duclair.
12:26 of 1st period - Shot Misses the Net.
12:28 of 1st period - Shot by Aaron Ekblad.
12:28 of 1st period - Stopped by Jacob Markstrom without a rebound.
12:29 of 1st period - Anze Kopitar wins face-off versus Mitch Marner in BlackHawks zone.
13:02 of 1st period - Shot by Brayden Point.
13:02 of 1st period - Shot Misses the Net.
13:05 of 1st period - Icing by Brandon Carlo.
13:06 of 1st period - Blake Coleman wins face-off versus Anze Kopitar in BlackHawks zone.
13:26 of 1st period - John Marino is hit by Blake Coleman and loses puck.
13:55 of 1st period - Shot by Anthony Duclair.
13:55 of 1st period - Stopped by Jacob Markstrom without a rebound.
13:56 of 1st period - Phillip Danault wins face-off versus Ryan O'Reilly in BlackHawks zone.
14:20 of 1st period - Phil Kessel is hit by Alex Pietrangelo and loses puck.
15:00 of 1st period - Shot by Lawson Crouse.
15:00 of 1st period - Shot Blocked by Ian Cole.
15:06 of 1st period - Shot by Jared McCann.
15:06 of 1st period - Shot Blocked by Ron Hainsey.
15:24 of 1st period - Shot by Brayden Point.
15:24 of 1st period - Shot Misses the Net.
16:28 of 1st period - Chris Tierney is hit by Curtis Lazar and loses puck.
17:08 of 1st period - Icing by Ryan Ellis.
17:09 of 1st period - Curtis Lazar wins face-off versus Brayden Point in BlackHawks zone.
17:26 of 1st period - Anze Kopitar is hit by Brayden Point and loses puck.
18:19 of 1st period - Keith Yandle is hit by Scott Laughton and loses puck.
18:28 of 1st period - Shot by Phil Kessel.
18:28 of 1st period - Shot Misses the Net.
19:15 of 1st period - Shot by Erik Johnson.
19:15 of 1st period - Shot Misses the Net.
19:17 of 1st period - Shot by Ryan Ellis.
19:17 of 1st period - Stopped by Carey Price without a rebound.
19:18 of 1st period - Boone Jenner wins face-off versus Anze Kopitar in Canucks zone.
19:18 of 1st period - Boone Jenner is hit by Kyle Palmieri.
19:26 of 1st period - Alex Pietrangelo is hit by Brandon Carlo.
Goals for this period are 1 for Canucks vs 0 for BlackHawks.
Shots for this period are 8 for Canucks vs 6 for BlackHawks.

2nd period


0:01 of 2nd period - Ryan O'Reilly wins face-off versus Anze Kopitar in neutral zone.
0:18 of 2nd period - Keith Yandle is hit by Kyle Palmieri and loses puck.
1:15 of 2nd period - Brock Boeser is hit by Phillip Danault and loses puck.
1:22 of 2nd period - Shot by Phillip Danault.
1:22 of 2nd period - Stopped by Carey Price without a rebound.
1:23 of 2nd period - Jared McCann wins face-off versus Kevin Hayes in Canucks zone.
1:58 of 2nd period - Shot by Kevin Hayes.
1:58 of 2nd period - Shot Misses the Net.
2:25 of 2nd period - Shot by Jaden Schwartz.
2:25 of 2nd period - Shot Blocked by Alex Pietrangelo.
2:27 of 2nd period - Shot by Anze Kopitar.
2:27 of 2nd period - Shot Misses the Net.
2:29 of 2nd period - Shot by Ryan Ellis.
2:29 of 2nd period - Stopped by Carey Price without a rebound.
2:30 of 2nd period - Phillip Danault wins face-off versus Boone Jenner in Canucks zone.
2:44 of 2nd period - Minor Penalty to Scott Laughton for High sticking.
2:45 of 2nd period - Phillip Danault wins face-off versus Brayden Point in BlackHawks zone.
3:16 of 2nd period - Shot by Mitch Marner.
3:16 of 2nd period - Stopped by Jacob Markstrom without a rebound.
3:17 of 2nd period - Ryan O'Reilly wins face-off versus Phillip Danault in BlackHawks zone.
3:18 of 2nd period - Shot by Anthony Duclair.
3:18 of 2nd period - Shot Blocked by Justin Faulk.
3:57 of 2nd period - Shot by Anthony Duclair.
3:57 of 2nd period - Deflect By Ryan O'Reilly.
3:57 of 2nd period - Shot Misses the Net.
4:10 of 2nd period - Icing by Kevin Hayes.
4:11 of 2nd period - Brayden Point wins face-off versus Ivan Barbashev in Canucks zone.
4:20 of 2nd period - Shot by Brayden Point.
4:20 of 2nd period - Shot Misses the Net.
4:31 of 2nd period - Mitch Marner is hit by Brandon Carlo and loses puck.
4:34 of 2nd period - Shot by Brayden Point.
4:34 of 2nd period - Shot Misses the Net.
4:36 of 2nd period - Shot by Morgan Rielly.
4:36 of 2nd period - Stopped by Jacob Markstrom without a rebound.
4:37 of 2nd period - Phillip Danault wins face-off versus Ryan O'Reilly in BlackHawks zone.
4:48 of 2nd period - Shot by Tanner Pearson.
4:48 of 2nd period - Stopped by Jacob Markstrom without a rebound.
4:49 of 2nd period - Boone Jenner wins face-off versus Anze Kopitar in BlackHawks zone.
4:59 of 2nd period - Off-side.
5:00 of 2nd period - Curtis Lazar wins face-off versus Brayden Point in neutral zone.
5:11 of 2nd period - Shot by Ivan Barbashev.
5:11 of 2nd period - Stopped by Carey Price without a rebound.
5:12 of 2nd period - Anze Kopitar wins face-off versus Ryan O'Reilly in Canucks zone.
5:41 of 2nd period - Minor Penalty to Keith Yandle for Diving.
5:42 of 2nd period - Boone Jenner wins face-off versus Scott Laughton in Canucks zone.
6:48 of 2nd period - Shot by Jaden Schwartz.
6:48 of 2nd period - Shot Misses the Net.
6:50 of 2nd period - Shot by Anze Kopitar.
6:50 of 2nd period - Stopped by Carey Price without a rebound.
6:51 of 2nd period - Boone Jenner wins face-off versus Anze Kopitar in Canucks zone.
7:14 of 2nd period - Shot by John Marino.
7:14 of 2nd period - Stopped by Carey Price without a rebound.
7:15 of 2nd period - Boone Jenner wins face-off versus Phillip Danault in Canucks zone.
7:15 of 2nd period - Boone Jenner is hit by Phillip Danault.
7:48 of 2nd period - Shot by Jake Virtanen.
7:48 of 2nd period - Deflect By Lawson Crouse.
7:48 of 2nd period - Shot Misses the Net.
7:50 of 2nd period - Shot by Lawson Crouse.
7:50 of 2nd period - Shot Blocked by Ian Cole.
7:52 of 2nd period - Shot by Jared McCann.
7:52 of 2nd period - Stopped by Carey Price without a rebound.
7:53 of 2nd period - Ryan O'Reilly wins face-off versus Curtis Lazar in Canucks zone.
7:53 of 2nd period - Ryan O'Reilly is hit by Curtis Lazar.
10:01 of 2nd period - Icing by Justin Faulk.
10:02 of 2nd period - Kevin Hayes wins face-off versus Phillip Danault in BlackHawks zone.
10:15 of 2nd period - Shot by Phillip Danault.
10:15 of 2nd period - Stopped by Carey Price without a rebound.
10:16 of 2nd period - Jake Virtanen wins face-off versus Boone Jenner in Canucks zone.
10:36 of 2nd period - Shot by Chris Tierney.
10:36 of 2nd period - Deflect By Zach Sanford.
10:36 of 2nd period - Stopped by Jacob Markstrom without a rebound.
10:37 of 2nd period - Kevin Hayes wins face-off versus Phillip Danault in BlackHawks zone.
10:37 of 2nd period - Minor Penalty to Erik Johnson for Hooking.
10:38 of 2nd period - Ryan O'Reilly wins face-off versus Phillip Danault in BlackHawks zone.
10:51 of 2nd period - Shot by Alex Pietrangelo.
10:51 of 2nd period - Stopped by Jacob Markstrom with a rebound.
10:53 of 2nd period - Shot by Alex Pietrangelo.
10:53 of 2nd period - Stopped by Jacob Markstrom without a rebound.
10:54 of 2nd period - Phillip Danault wins face-off versus Brayden Point in BlackHawks zone.
11:00 of 2nd period - Icing by Mitch Marner.
11:01 of 2nd period - Brayden Point wins face-off versus Phillip Danault in Canucks zone.
11:18 of 2nd period - Shot by Brock Boeser.
11:18 of 2nd period - Shot Blocked by Brandon Carlo.
11:20 of 2nd period - Shot by Morgan Rielly.
11:20 of 2nd period - Shot Misses the Net.
11:22 of 2nd period - Shot by Mitch Marner.
11:22 of 2nd period - Shot Misses the Net.
11:24 of 2nd period - Shot by Kevin Hayes.
11:24 of 2nd period - Shot Misses the Net.
12:43 of 2nd period - Erik Johnson is hit by Zach Sanford and loses puck.
13:04 of 2nd period - Icing by Keith Yandle.
13:05 of 2nd period - Boone Jenner wins face-off versus Curtis Lazar in Canucks zone.
13:53 of 2nd period - Shot by Mitch Marner.
13:53 of 2nd period - Shot Blocked by John Marino.
13:55 of 2nd period - Shot by Alex Pietrangelo.
13:55 of 2nd period - Shot Misses the Net.
13:57 of 2nd period - Shot by Brock Boeser.
13:57 of 2nd period - Shot Blocked by John Marino.
13:59 of 2nd period - Shot by Mitch Marner.
13:59 of 2nd period - Shot Misses the Net.
14:01 of 2nd period - Shot by Alex Pietrangelo.
14:01 of 2nd period - Stopped by Jacob Markstrom without a rebound.
14:02 of 2nd period - Phillip Danault wins face-off versus Kevin Hayes in BlackHawks zone.
14:11 of 2nd period - Shot by Phil Kessel.
14:11 of 2nd period - Stopped by Carey Price without a rebound.
14:12 of 2nd period - Ryan O'Reilly wins face-off versus Anze Kopitar in Canucks zone.
14:12 of 2nd period - Ryan O'Reilly is hit by Kyle Palmieri.
14:26 of 2nd period - Shot by Anthony Duclair.
14:26 of 2nd period - Stopped by Jacob Markstrom with a rebound.
15:11 of 2nd period - Shot by Alex Pietrangelo.
15:11 of 2nd period - Stopped by Jacob Markstrom with a rebound.
15:13 of 2nd period - Shot by Blake Coleman.
15:13 of 2nd period - Shot Misses the Net.
15:15 of 2nd period - Shot by Morgan Rielly.
15:15 of 2nd period - Stopped by Jacob Markstrom with a rebound.
15:17 of 2nd period - Shot by Morgan Rielly.
15:17 of 2nd period - Shot Blocked by Erik Johnson.
15:31 of 2nd period - Shot by Kevin Hayes.
15:31 of 2nd period - Shot Misses the Net.
15:58 of 2nd period - Icing by Scott Laughton.
15:59 of 2nd period - Scott Laughton wins face-off versus Brayden Point in BlackHawks zone.
16:10 of 2nd period - Shot by Phillip Danault.
16:10 of 2nd period - Stopped by Carey Price without a rebound.
16:11 of 2nd period - Anze Kopitar wins face-off versus Ryan O'Reilly in Canucks zone.
16:39 of 2nd period - Shot by Anthony Duclair.
16:39 of 2nd period - Shot Misses the Net.
16:41 of 2nd period - Shot by Keith Yandle.
16:41 of 2nd period - Stopped by Jacob Markstrom without a rebound.
16:42 of 2nd period - Phillip Danault wins face-off versus Brayden Point in BlackHawks zone.
16:49 of 2nd period - Shot by Phil Kessel.
16:49 of 2nd period - Shot Blocked by Alex Pietrangelo.
16:51 of 2nd period - Shot by Phillip Danault.
16:51 of 2nd period - Shot Misses the Net.
16:53 of 2nd period - Shot by Phillip Danault.
16:53 of 2nd period - Shot Misses the Net.
16:55 of 2nd period - Shot by Scott Laughton.
16:55 of 2nd period - Stopped by Carey Price without a rebound.
16:56 of 2nd period - Kevin Hayes wins face-off versus Jared McCann in Canucks zone.
17:29 of 2nd period - Shot by Blake Coleman.
17:29 of 2nd period - Deflect By Kevin Hayes.
17:29 of 2nd period - Shot Misses the Net.
17:41 of 2nd period - Lawson Crouse is hit by Blake Coleman and loses puck.
17:54 of 2nd period - Brandon Carlo is hit by Brock Boeser and loses puck.
18:53 of 2nd period - Shot by Scott Laughton.
18:53 of 2nd period - Shot Misses the Net.
19:15 of 2nd period - Shot by Tanner Pearson.
19:15 of 2nd period - Stopped by Jacob Markstrom without a rebound.
19:16 of 2nd period - Anze Kopitar wins face-off versus Boone Jenner in BlackHawks zone.
19:16 of 2nd period - Adam Larsson is hit by Boone Jenner and loses puck.
Goals for this period are 0 for Canucks vs 0 for BlackHawks.
Shots for this period are 12 for Canucks vs 10 for BlackHawks.

3rd period


0:01 of 3rd period - Scott Laughton wins face-off versus Brayden Point in neutral zone.
0:08 of 3rd period - Shot by Scott Laughton.
0:08 of 3rd period - Stopped by Carey Price without a rebound.
0:09 of 3rd period - Anze Kopitar wins face-off versus Ryan O'Reilly in Canucks zone.
0:17 of 3rd period - Icing by Alex Pietrangelo.
0:18 of 3rd period - Phillip Danault wins face-off versus Ryan O'Reilly in Canucks zone.
0:41 of 3rd period - Alex Pietrangelo is hit by Scott Laughton and loses puck.
1:01 of 3rd period - Ryan Ellis is hit by Morgan Rielly.
1:14 of 3rd period - Off-side.
1:15 of 3rd period - Anze Kopitar wins face-off versus Brayden Point in neutral zone.
1:32 of 3rd period - Shot by Anze Kopitar.
1:32 of 3rd period - Stopped by Carey Price with a rebound.
1:37 of 3rd period - Jaden Schwartz is hit by Keith Yandle.
1:38 of 3rd period - Minor Penalty to Aaron Ekblad for Tripping.
1:39 of 3rd period - Anze Kopitar wins face-off versus Boone Jenner in Canucks zone.
1:53 of 3rd period - Shot by Jaden Schwartz.
1:53 of 3rd period - Stopped by Carey Price without a rebound.
1:54 of 3rd period - Boone Jenner wins face-off versus Phillip Danault in Canucks zone.
2:00 of 3rd period - Icing by Erik Johnson.
2:01 of 3rd period - Chris Tierney wins face-off versus Phillip Danault in BlackHawks zone.
2:10 of 3rd period - Shot by Phillip Danault.
2:10 of 3rd period - Shot Misses the Net.
2:12 of 3rd period - Shot by Ryan Ellis.
2:12 of 3rd period - Deflect By Phil Kessel.
2:12 of 3rd period - Shot Misses the Net.
2:22 of 3rd period - Shot by Phillip Danault.
2:22 of 3rd period - Stopped by Carey Price without a rebound.
2:23 of 3rd period - Boone Jenner wins face-off versus Anze Kopitar in Canucks zone.
2:29 of 3rd period - Icing by John Marino.
2:30 of 3rd period - Anze Kopitar wins face-off versus Boone Jenner in BlackHawks zone.
2:47 of 3rd period - Shot by Adam Larsson.
2:47 of 3rd period - Shot Misses the Net.
2:49 of 3rd period - Shot by Adam Larsson.
2:49 of 3rd period - Shot Blocked by Alex Pietrangelo.
2:51 of 3rd period - Shot by Adam Larsson.
2:51 of 3rd period - Shot Blocked by Alex Pietrangelo.
2:53 of 3rd period - Shot by Kyle Palmieri.
2:53 of 3rd period - Stopped by Carey Price without a rebound.
2:54 of 3rd period - Phillip Danault wins face-off versus Boone Jenner in Canucks zone.
3:07 of 3rd period - Shot by Anthony Duclair.
3:07 of 3rd period - Shot Blocked by Ryan Ellis.
3:23 of 3rd period - Phillip Danault is hit by Boone Jenner and loses puck.
3:34 of 3rd period - Shot by Phillip Danault.
3:34 of 3rd period - Shot Misses the Net.
3:47 of 3rd period - Off-side.
3:48 of 3rd period - Anze Kopitar wins face-off versus Kevin Hayes in neutral zone.
4:07 of 3rd period - Shot by Jaden Schwartz.
4:07 of 3rd period - Stopped by Carey Price without a rebound.
4:08 of 3rd period - Jared McCann wins face-off versus Brayden Point in Canucks zone.
5:20 of 3rd period - Shot by Kevin Hayes.
5:20 of 3rd period - Stopped by Jacob Markstrom without a rebound.
5:21 of 3rd period - Ryan O'Reilly wins face-off versus Phillip Danault in BlackHawks zone.
5:21 of 3rd period - Anthony Duclair is hit by Erik Johnson and loses puck.
5:25 of 3rd period - Icing by Erik Johnson.
5:26 of 3rd period - Ryan O'Reilly wins face-off versus Phillip Danault in BlackHawks zone.
5:28 of 3rd period - Anthony Duclair is hit by Ryan Ellis and loses puck.
6:30 of 3rd period - Shot by Brayden Point.
6:30 of 3rd period - Goal by Brayden Point - Canucks : 2 - BlackHawks : 0.
6:31 of 3rd period - Anze Kopitar wins face-off versus Kevin Hayes in neutral zone.
6:31 of 3rd period - Jaden Schwartz is hit by Kevin Hayes and loses puck.
6:54 of 3rd period - Alex Pietrangelo is hit by Kyle Palmieri.
6:57 of 3rd period - Off-side.
6:58 of 3rd period - Jared McCann wins face-off versus Brayden Point in neutral zone.
7:01 of 3rd period - Shot by Lawson Crouse.
7:01 of 3rd period - Shot Misses the Net.
7:03 of 3rd period - Shot by Brandon Carlo.
7:03 of 3rd period - Stopped by Carey Price with a rebound.
7:07 of 3rd period - Shot by Lawson Crouse.
7:07 of 3rd period - Stopped by Carey Price with a rebound.
7:15 of 3rd period - Shot by Jake Virtanen.
7:15 of 3rd period - Stopped by Carey Price without a rebound.
7:16 of 3rd period - Tanner Pearson wins face-off versus Curtis Lazar in Canucks zone.
7:18 of 3rd period - Icing by Ryan O'Reilly.
7:19 of 3rd period - Anze Kopitar wins face-off versus Tanner Pearson in Canucks zone.
7:44 of 3rd period - Shot by Anthony Duclair.
7:44 of 3rd period - Stopped by Jacob Markstrom without a rebound.
7:45 of 3rd period - Phillip Danault wins face-off versus Brayden Point in BlackHawks zone.
7:49 of 3rd period - Icing by Phil Kessel.
7:50 of 3rd period - Phillip Danault wins face-off versus Brayden Point in BlackHawks zone.
7:55 of 3rd period - Shot by Ryan Ellis.
7:55 of 3rd period - Shot Misses the Net.
7:57 of 3rd period - Shot by Phil Kessel.
7:57 of 3rd period - Deflect By Scott Laughton.
7:57 of 3rd period - Stopped by Carey Price without a rebound.
7:58 of 3rd period - Jaden Schwartz wins face-off versus Brayden Point in Canucks zone.
8:07 of 3rd period - Shot by Anze Kopitar.
8:07 of 3rd period - Goal by Anze Kopitar - Canucks : 2 - BlackHawks : 1.
8:08 of 3rd period - Phillip Danault wins face-off versus Kevin Hayes in neutral zone.
8:37 of 3rd period - Shot by Phil Kessel.
8:37 of 3rd period - Shot Misses the Net.
9:04 of 3rd period - Icing by Keith Yandle.
9:05 of 3rd period - Anze Kopitar wins face-off versus Mitch Marner in Canucks zone.
10:18 of 3rd period - Shot by Jared McCann.
10:18 of 3rd period - Goal by Jared McCann - Canucks : 2 - BlackHawks : 2.
10:19 of 3rd period - Curtis Lazar wins face-off versus Ryan O'Reilly in neutral zone.
12:02 of 3rd period - Shot by Kevin Hayes.
12:02 of 3rd period - Stopped by Jacob Markstrom without a rebound.
12:03 of 3rd period - Boone Jenner wins face-off versus Anze Kopitar in BlackHawks zone.
12:04 of 3rd period - Shot by Keith Yandle.
12:04 of 3rd period - Shot Blocked by Anze Kopitar.
12:59 of 3rd period - Boone Jenner is hit by Lawson Crouse and loses puck.
13:57 of 3rd period - Shot by Ivan Barbashev.
13:57 of 3rd period - Shot Hit the Post.
13:59 of 3rd period - Shot by Curtis Lazar.
13:59 of 3rd period - Shot Misses the Net.
14:03 of 3rd period - Shot by Denis Malgin.
14:03 of 3rd period - Stopped by Carey Price with a rebound.
15:07 of 3rd period - Shot by Kyle Palmieri.
15:07 of 3rd period - Stopped by Carey Price with a rebound.
15:13 of 3rd period - Shot by Kyle Palmieri.
15:13 of 3rd period - Stopped by Carey Price without a rebound.
15:14 of 3rd period - Ryan O'Reilly wins face-off versus Jake Virtanen in Canucks zone.
15:25 of 3rd period - Shot by Tanner Pearson.
15:25 of 3rd period - Stopped by Jacob Markstrom without a rebound.
15:26 of 3rd period - Anze Kopitar wins face-off versus Blake Coleman in BlackHawks zone.
15:39 of 3rd period - Shot by Kyle Palmieri.
15:39 of 3rd period - Goal by Kyle Palmieri - Canucks : 2 - BlackHawks : 3.
15:40 of 3rd period - Ryan O'Reilly wins face-off versus Phillip Danault in neutral zone.
16:28 of 3rd period - Off-side.
16:29 of 3rd period - Anze Kopitar wins face-off versus Kevin Hayes in neutral zone.
16:34 of 3rd period - Shot by Kyle Palmieri.
16:34 of 3rd period - Stopped by Carey Price without a rebound.
16:35 of 3rd period - Kevin Hayes wins face-off versus Jaden Schwartz in Canucks zone.
16:51 of 3rd period - Shot by Kevin Hayes.
16:51 of 3rd period - Stopped by Jacob Markstrom with a rebound.
17:03 of 3rd period - Shot by Anze Kopitar.
17:03 of 3rd period - Shot Misses the Net.
17:04 of 3rd period - Minor Penalty to Alex Pietrangelo for Diving.
17:05 of 3rd period - Boone Jenner wins face-off versus Phillip Danault in Canucks zone.
17:14 of 3rd period - Off-side.
17:15 of 3rd period - Anze Kopitar wins face-off versus Boone Jenner in neutral zone.
17:44 of 3rd period - Shot by Anze Kopitar.
17:44 of 3rd period - Stopped by Carey Price without a rebound.
17:45 of 3rd period - Boone Jenner wins face-off versus Phillip Danault in Canucks zone.
19:11 of 3rd period - Shot by Anze Kopitar.
19:11 of 3rd period - Stopped by Carey Price without a rebound.
19:12 of 3rd period - Anze Kopitar wins face-off versus Brayden Point in Canucks zone.
19:12 of 3rd period - Lawson Crouse is hit by Alex Pietrangelo and loses puck.
19:21 of 3rd period - Canucks, Carey Price is pulled from the net.
19:21 of 3rd period - Shot by Brayden Point.
19:21 of 3rd period - Stopped by Jacob Markstrom without a rebound.
19:22 of 3rd period - Anze Kopitar wins face-off versus Brayden Point in BlackHawks zone.
19:30 of 3rd period - Shot by Alex Pietrangelo.
19:30 of 3rd period - Shot Misses the Net.
19:38 of 3rd period - Shot by Brayden Point.
19:38 of 3rd period - Stopped by Jacob Markstrom without a rebound.
19:39 of 3rd period - Brayden Point wins face-off versus Anze Kopitar in BlackHawks zone.
19:50 of 3rd period - Shot by Mitch Marner.
19:50 of 3rd period - Shot Hit the Post.
19:52 of 3rd period - Shot by Morgan Rielly.
19:52 of 3rd period - Stopped by Jacob Markstrom without a rebound.
19:53 of 3rd period - Brayden Point wins face-off versus Jared McCann in BlackHawks zone.
Goals for this period are 1 for Canucks vs 3 for BlackHawks.
Shots for this period are 9 for Canucks vs 19 for BlackHawks.